 Dungeon Crawl Stone Soup version 0.20.1-1-g8b1a95d (webtiles) character file.

58 slep the Skirmisher (level 3, -2/29 HPs)
             Began as a Demonspawn Monk on Dec 25, 2017.
             Slain by a gnoll
             ... wielding a +0 flail
              (9 damage)
             ... on level 2 of the Dungeon.
             The game lasted 00:05:14 (1660 turns).

slep the Skirmisher (Demonspawn Monk)               Turns: 1660, Time: 00:05:15

Health: -2/29      AC:  4    Str: 11    XL:     3   Next: 76%
Magic:  3/3        EV: 13    Int: 11    God:
Gold:   50         SH:  0    Dex: 16    Spells: 2/2 levels left

rFire    + . .     SeeInvis .   a - +0 hand axe
rCold    x . .     Gourm    .   (no shield)
rNeg     . . .     Faith    .   o - +0 leather armour
rPois    .         Spirit   .   (no helmet)
rElec    .         Reflect  .   (no cloak)
rCorr    .         Harm     .   e - +0 pair of gloves
MR       .....                  (no boots)
Stlth    ++........             (no amulet)
Regen    0.1/turn               i - -3 ring of slaying (curse)
MPRegen  0.1/turn               k - ring of fire

@: no status effects
A: hooves 1
a: no special abilities


You were on level 2 of the Dungeon.
You were hungry.

You visited 1 branch of the dungeon, and saw 2 of its levels.

You collected 50 gold pieces.

Inventory:

Hand Weapons
 a - a +0 hand axe (weapon)
Armour
 b - a +0 robe
 e - a +0 pair of gloves (worn)
 o - a +0 leather armour (worn)
Jewellery
 i - a cursed -3 ring of slaying (left hand)
 k - a ring of fire (right hand)
 n - an uncursed ring of flight {unknown}
Scrolls
 f - 4 scrolls of amnesia {unknown}
 g - a scroll of teleportation {unknown}
 h - a scroll of remove curse {unknown}
 j - 2 scrolls of identify {unknown}
 l - a scroll of blinking {unknown}
Potions
 d - a potion of magic {unknown}
 m - 2 potions of heal wounds {unknown}
Comestibles
 c - 2 bread rations


   Skills:
 + Level 3.4 Fighting
 + Level 3.3 Axes
 + Level 0.1 Armour
 + Level 3.1 Dodging
 + Level 2.3 Stealth


You had 2 spell levels left.
You didn't know any spells.

Dungeon Overview and Level Annotations

Branches:
Dungeon (2/15)

Altars:
Ru


Innate Abilities, Weirdness & Mutations

You have large cloven feet.


Message History

The gnoll barely misses you.
You hit the gnoll. Your kick misses the gnoll.
The gnoll is moderately wounded.
The gnoll barely misses you.
You are feeling hungry.
You closely miss the gnoll.
The gnoll is moderately wounded.
The gnoll hits you with a whip.
You hit the gnoll but do no damage.
The gnoll is moderately wounded.
The gnoll hits you with a whip.
* * * LOW HITPOINT WARNING * * *
You hit the gnoll but do no damage. You kick the gnoll, but do no damage.
You closely miss the gnoll. The gnoll barely misses you.
The gnoll shouts!
You hit the gnoll but do no damage. The gnoll misses you.
You hit the gnoll. Your kick misses the gnoll.
The gnoll is moderately wounded.
The gnoll hits you with a flail!
You die...

#...#...#..#####..........#
#.......#................##
###._.##########..........#
#.......### #..........#
#...#.†.#.# #..........#
#...#...#.# ###.<........#
..+#######'.#
##............# ... ..
#....# #..##........##
....#. ###..# #@#
##......## ...#.####.####g#
######## .........# #.g#
###..##..###g##
####......g...#
.##...#...#.....#
.........g......#
#............####
.............#


You could see 3 gnolls.

Vanquished Creatures
  An orc wizard (D:2)
  A leopard gecko (D:1)
  A giant cockroach (D:1)
  A goblin (D:1)
  5 hobgoblins (D:1)
  3 jackals
  3 kobolds
  3 bats (D:1)
  4 frilled lizards (D:1)
  4 rats
26 creatures vanquished.

Notes
Turn   | Place    | Note
-------+----------+-------------------------------------------
     0 | D:1      | slep the Demonspawn Monk began the quest for the Orb.
     0 | D:1      | Reached XP level 1. HP: 18/18 MP: 1/1
   112 | D:1      | Gained mutation: You have large cloven feet. [demonic ancestry]
   112 | D:1      | Reached XP level 2. HP: 1/24 MP: 2/2
  1581 | D:2      | Found a sacrificial altar of Ru.
  1606 | D:2      | Reached XP level 3. HP: 14/29 MP: 3/3
  1660 | D:2      | Slain by a gnoll

Skill      XL: |  1  2 |
---------------+-------+-----
Stealth        | 2 |  2.3
Axes           | 3 |  3.3
Dodging        | 3 |  3.1
Fighting       | |  3.4
Armour         | |  0.1

Action                   || total
-------------------------++-------
Melee: Hand axe          ||   134
       Kick              ||    31
 Stab: Paralysed         ||     2
  Eat: Chunk             ||     2
Armor: Robe              ||    16
       Leather armour    ||     6
Dodge: Dodged            ||    82
